 Dungeon Crawl Stone Soup version bcrawl-1.17.3 (webtiles) character file.

Game seed: 7581636120414773977

59 Chiseanne the Skirmisher (level 3, -6/29 HPs)
             Began as a Mummy Archaeologist on Oct 25, 2019.
             Killed by divine providence
             ... invoked by an orc priest
              (12 damage)
             ... on level 3 of the Dungeon.
             The game lasted 00:02:17 (2098 turns).

Chiseanne the Skirmisher (Mummy Archaeologist)      Turns: 2098, Time: 00:02:18

Health: -6/29      AC:  9    Str: 14    XL:     3   Next: 78%
Magic:  3/3        EV:  9    Int: 14    God:
Gold:   126        SH:  3    Dex: 10    Spells: 2/2 levels left

rFire    x . .     SeeInvis .   s - +0 dagger (venom)
rCold    + . .     Gourm    .   j - +0 buckler
rNeg     + + +     Faith    .   l - +0 scale mail
rPois    ∞         Spirit   .   c - +1 hat
rElec    .         Reflect  .   (no cloak)
rCorr    .         Harm     .   (no gloves)
MR       .....     Clarity  +   d - +1 pair of boots
Stlth    +.........             (no amulet)
HPRegen  0.09/turn              (no ring)
MPRegen  0.08/turn              (no ring)

@: studying Armour
A: no food or potions, fire vulnerability, clarity, cold resistance 1, negative
energy resistance 3, torment resistance, unbreathing
a: no special abilities


You were on level 3 of the Dungeon.
You were not hungry.

You visited 1 branch of the dungeon, and saw 3 of its levels.

You collected 126 gold pieces.

Inventory:

Hand Weapons
 a - a +2 dagger of freezing
 s - a +0 dagger of venom (weapon)
Missiles
 g - 97 tomahawks (quivered)
 h - 390 stones
Armour
 c - a +1 hat (worn)
 d - a +1 pair of boots (worn)
 j - a +0 buckler (worn)
 l - a +0 scale mail (worn)
Jewellery
 m - an uncursed amulet of magic regeneration {unknown}
Scrolls
 b - a scroll of teleportation {unknown}
 i - a scroll of magic mapping
Books
 e - a manual of Armour
Miscellaneous
 f - an ancient crate


   Skills:
 - Level 3.0 Fighting
   Level 0.7 Maces & Flails
 + Level 2.3 Armour
 - Level 2.4 Dodging
 - Level 2.6 Stealth


You had 2 spell levels left.
You didn't know any spells.
Your spell library was empty.

Dungeon Overview and Level Annotations

Branches:
Dungeon (3/12)

Altars:


Innate Abilities, Weirdness & Mutations

You do not eat or drink.
Your flesh is vulnerable to fire.
You are immune to poison.
You possess an exceptional clarity of mind.
Your flesh is cold resistant. (rC+)
You are immune to negative energy. (rN+++)
You are immune to unholy pain and torment.
You can survive without breathing.


Message History

The orc priest is moderately wounded.
The orc priest barely misses you. The orc barely misses you.
You hit the orc priest.
The orc priest is poisoned.
The orc priest is heavily wounded.
A hobgoblin comes into view. It is wielding a +0 club.
The orc priest hits you with a +0 whip. The orc hits you with a +0 club.
The hobgoblin shouts!
You hit the orc priest but do no damage.
The orc priest is heavily wounded.
You hear a shout!
The orc warrior hits you but does no damage.
The orc priest barely misses you.
The orc priest mumbles some strange prayers to Beogh against you.
Beogh smites you!
* * * LOW HITPOINT WARNING * * *
You block the orc's attack.
The orc warrior hits you but does no damage.
The orc priest invokes the aid of Beogh against you.
Beogh smites you!
You die...

###....# ..... .
....#.##.#...
..###...........
.........†....g.
.........# .<.##o.##
. # #.## ...
#.##.###########.....
#....g.oo..o.@...#
......#.###########.#
.###.##)# #.##.#
#.##.# ###.#..#
#.....## #....##
#....#


You could see an orc warrior, an orc priest and an orc.

Vanquished Creatures
  3 worms
  4 dart slugs
  3 leopard geckos
  3 bats
  2 giant cockroaches (D:1)
  2 goblins
  6 hobgoblins
  2 quokkas (D:2)
  3 frilled lizards
  6 kobolds
  4 rats
38 creatures vanquished.

Notes
Turn   | Place    | Note
-------+----------+-------------------------------------------
     0 | D:1      | Chiseanne the Mummy Archaeologist began the quest for the
                  | Orb.
     0 | D:1      | Reached XP level 1. HP: 15/15 MP: 1/1
   236 | D:1      | Reached skill level 2 in Fighting
   241 | D:1      | Reached XP level 2. HP: 22/22 MP: 2/2
  1100 | D:2      | Reached skill level 3 in Fighting
  1106 | D:2      | Reached XP level 3. HP: 29/29 MP: 3/3
  1466 | D:2      | Reached skill level 1 in Armour
  2079 | D:3      | Noticed an orc warrior
  2098 | D:3      | Killed from afar by an orc priest

Skill      XL: |  1  2  3 |
---------------+----------+-----
Fighting       | 2 3 |  3.0
Armour         | 2 |  2.3
Maces & Flails | |  0.7
Dodging        | |  2.4
Stealth        | |  2.6

Action                   || total
-------------------------++-------
Melee: Dagger            ||   133
  Use: Scroll            ||     4
 Stab: Sleeping          ||     1
Armor: Robe              ||    14
       Scale mail        ||    39
Dodge: Dodged            ||    71
Block: Buckler           ||     3
